Map: Lerilak Crest

Players

Kipps - Winner!

  • Race: Zerg Zerg
  • League: Silver

LilDicky

  • Race: Protoss Protoss
  • League: Diamond

VOD

http://www.twitch.tv/tumescentpie

Description

Time

  • Played on: Dec. 17, 2015, 8:54 p.m.
  • Length: 13:46
Show
View Real Time Build Order
Export as new Build Order

Kipps Zerg - Winner!

Build Orders: Hatch First 

Get SALT Encoding   

  12  0:03  Drone  
  13  0:13  Drone  
  14  0:28  Overlord  
  14  0:44  Hatchery  
  14  0:48  Drone x2  
  15  0:52  Drone  
  16  1:07  Drone  
  17  1:14  Spawning Pool  
  16  1:21  Drone x2  
  16  1:25  Extractor  
  17  1:34  Drone  
  18  1:44  Drone  
  19  1:54  Overlord  
  19  1:58  Drone  
  19  2:01  Queen  
  20  2:02  Queen  
  20  2:05  Drone  
  25  2:21  Drone x2  
  25  2:22  Drone  
  28  2:29  Drone  
  29  2:31  Drone  
  29  2:34  Metabolic Boost  
  29  2:36  Drone  
  31  2:40  Drone  
  32  2:50  Extractor  
  31  2:53  Drone  
  31  2:54  Drone  
  33  3:02  Zergling x4  
  35  3:09  Drone  
  36  3:19  Roach Warren  
  35  3:22  Drone  
  35  3:23  Evolution Chamber, Overlord x2  
  35  3:36  Drone  
  35  3:41  Overlord x2  
  36  3:44  Drone  
  36  3:45  Drone x5  
  42  4:00  Zergling x2  
  42  4:01  Zergling x8  
  46  4:07  Zergling x2  
  47  4:10  Spine Crawler  
  47  4:14  Spine Crawler, Zergling x2  
  46  4:19  Spine Crawler  
  46  4:21  Spine Crawler  
  46  4:23  Spine Crawler  
  46  4:24  Zergling x4  
  43  4:27  Roach x2  
  43  4:34  Roach x2, Zergling x2  
  47  4:42  Zerg Missile Weapons Level 1  
  47  4:44  Roach x2  
  50  4:51  Roach x2  
  51  4:55  Roach  
  53  5:02  Roach  
  55  5:12  Overlord x2  
  55  5:13  Overlord  
  56  5:14  Zergling x6  
  58  5:24  Roach  
  58  5:25  Roach  
  56  5:44  Roach  
  58  5:50  Zergling x6  
  58  5:51  Drone  
  61  6:09  Hatchery  
  60  6:24  Drone  
  60  6:25  Drone x5  
  65  6:31  Spine Crawler  
  65  6:33  Spine Crawler  
  63  6:55  Roach  
  60  7:09  Drone  
  60  7:12  Drone  
  60  7:13  Drone x4  
  64  7:32  Ravager x4  
  64  7:35  Ravager x2  
  64  7:36  Ravager  
  54  8:00  Roach x10  
  54  8:01  Roach  
  76  8:06  Roach  
  76  8:10  Drone  
  76  8:11  Drone x2  
  79  8:19  Spine Crawler, Roach, Zergling x2  
  81  8:20  Zergling x2  
  81  8:29  Roach  
  81  8:30  Queen  
  81  8:31  Queen  
  87  8:35  Lair  
  87  8:48  Drone x2  
  87  8:49  Drone  
  90  9:02  Roach  
  92  9:03  Overlord, Roach x3  
  92  9:04  Hatchery, Overlord  
  92  9:06  Hatchery, Overlord  
  96  9:15  Extractor  
  95  9:17  Extractor  
  94  9:29  Drone x2  
  96  9:34  Hatchery  
  85  9:48  Roach  
  85  9:49  Roach x4  
  89  9:59  Zergling x14  
  87  10:19  Drone, Queen  
  87  10:20  Queen  
  87  10:21  Drone  
  93  10:25  Drone x3  
  93  10:26  Drone x3  
  99  10:28  Extractor  
  99  10:31  Roach, Extractor  
  96  10:40  Drone x2  
  98  10:46  Spire  
  95  10:57  Drone, Infestation Pit  
  92  10:58  Drone x5  
  92  11:00  Drone x3  
  92  11:03  Drone x3  
  102  11:08  Drone x2  
  102  11:09  Drone x2  
  102  11:10  Drone  
  102  11:11  Drone x2, Queen  
  111  11:19  Ravager  
  111  11:20  Ravager x7  
  119  11:33  Drone x2  
  119  11:34  Drone x3  
  124  11:44  Drone x6  
  130  11:51  Drone, Overseer  
  130  11:52  Overseer  
  130  11:53  Overseer  
  130  11:57  Spore Crawler  
  124  12:02  Drone x2  
  124  12:04  Spore Crawler  
  124  12:05  Spine Crawler  
  124  12:07  Spore Crawler  
  123  12:11  Spore Crawler, Drone x3  
  123  12:14  Drone x2  
  125  12:19  Spore Crawler  
  125  12:20  Spine Crawler  
  114  12:23  Spine Crawler  
  114  12:27  Drone  
  114  12:29  Spine Crawler  
  105  12:31  Spore Crawler  
  105  12:34  Drone x2  
  105  12:35  Drone, Spine Crawler  
  105  12:37  Spore Crawler  
  105  12:38  Spine Crawler  
  105  12:41  Spine Crawler  
  105  12:42  Spore Crawler  
  81  12:45  Spore Crawler  
  81  12:46  Spine Crawler  
  73  12:53  Roach  
  73  12:54  Roach x3  
  73  12:55  Roach  
  73  12:56  Roach x3  
  73  12:57  Drone x2  
  89  13:13  Mutalisk x8  
  89  13:14  Mutalisk x5  
  89  13:15  Mutalisk  
Show
View Real Time Build Order
Export as new Build Order

LilDicky Protoss 

Build Orders: Mass Adepts 

Get SALT Encoding   

  12  0:02  Probe (Chrono Boost)  
  13  0:12  Probe (Chrono Boost)  
  14  0:19  Pylon  
  14  0:23  Probe (Chrono Boost)  
  15  0:38  Probe (Chrono Boost)  
  15  0:42  Gateway  
  16  0:48  Probe (Chrono Boost), Assimilator  
  17  0:59  Probe (Chrono Boost)  
  18  1:09  Probe (Chrono Boost)  
  19  1:20  Probe (Chrono Boost)  
  20  1:26  Pylon  
  20  1:32  Cybernetics Core  
  20  1:33  Probe (Chrono Boost)  
  21  1:44  Probe (Chrono Boost)  
  22  2:06  Gateway  
  22  2:07  Gateway  
  22  2:09  Stalker, Gateway  
  22  2:10  Warp Gate (Chrono Boost)  
  24  2:34  Mothership Core  
  26  2:44  Pylon  
  26  3:14  Pylon  
  26  4:01  Adept x2  
  26  4:02  Adept x2  
  32  4:09  Pylon  
  32  4:13  Gateway  
  32  4:15  Gateway  
  32  4:19  Pylon  
  32  4:28  Adept x4  
  38  4:52  Adept x4  
  46  5:06  Adept x2  
  46  5:15  Zealot  
  46  5:16  Zealot x2  
  52  5:23  Probe  
  53  5:33  Adept x2  
  41  5:45  Zealot x4  
  43  6:00  Adept  
  43  6:16  Nexus  
  43  6:21  Pylon  
  37  7:05  Sentry  
  38  7:20  Zealot x2  
  38  7:21  Zealot x3  
  42  7:54  Probe  
  27  8:27  Twilight Council  
  27  8:35  Pylon  
  27  8:38  Pylon  
  27  8:43  Pylon  
  27  8:47  Assimilator x2  
  27  8:48  Assimilator  
  27  8:56  Probe  
  27  8:57  Probe  
  29  9:29  Dark Shrine  
  27  9:45  Zealot x2  
  27  9:46  Zealot x4  
  27  10:08  Gateway x2  
  27  10:10  Gateway  
  27  10:15  Pylon  
  15  10:42  Probe  
  16  10:53  Probe  
  17  10:59  Forge  
  17  11:03  Probe  
  17  11:06  Pylon  
  17  11:10  Pylon  
  18  11:13  Dark Templar x2  
  18  11:14  Probe  
  23  11:24  Probe  
  23  11:40  Dark Templar  
  25  11:51  Dark Templar x2  
  27  12:16  Probe (Chrono Boost)  
  28  12:27  Probe (Chrono Boost)  
  29  12:38  Probe (Chrono Boost)  
  29  12:42  Dark Templar x2  
  32  13:30  Cybernetics Core, Pylon  
Tags
 
Add a new tag
Caveats
  • Supply blocks, unpowered buildings, or Contaminate may cause inaccurate times.
  • Supply counts are checked every 10 seconds.